 Dungeon Crawl Stone Soup version 0.18-a0-1123-gbd92598 (webtiles) character file.

344 gorblad the Skirmisher (level 6, -14/57 HPs)
             Began as a Draconian Fighter on Jan 20, 2016.
             Demolished by M4edhros's ghost (18 damage)
             ... in an ossuary.
             The game lasted 00:10:04 (3132 turns).

gorblad the Skirmisher (Draconian Fighter)          Turns: 3132, Time: 00:10:04

Health: -14/57     AC:  6    Str: 20    XL:     6   Next: 31%
Magic:  5/5        EV: 11    Int:  8    God:
Gold:   213        SH: 11    Dex: 11    Spells: 0 memorised, 5 levels left

rFire  + . .     SeeInvis .     a - +0 long sword
rCold  + . .     Gourm    .     (armour unavailable)
rNeg   . . .     Faith    .     b - +1 shield
rPois  +         Spirit   .     (helmet restricted)
rElec  +         Dismiss  .     (no cloak)
rCorr  +         Reflect  .     (no gloves)
SustAt .         Harm     .     (no boots)
MR     .....     Rnd*Rage +     l - amulet of rage
Stlth  +.........               (no ring)
                                (no ring)

@: lethally poisoned (-14 -> -29), resistant, not resistant to hostile
enchantments, very unstealthy
A: unfitting armour, hooves 1, berserk 1, low mp 1, cold-blooded, AC +6
a: Evoke Berserk Rage


You were in an ossuary.
You were not hungry.

You visited 1 branch of the dungeon, and saw 5 of its levels.
You also visited: Ossuary.

You collected 213 gold pieces.

Inventory:

Hand Weapons
 a - a +0 long sword (weapon)
Armour
 b - a +1 shield (worn)
Jewellery
 l - an amulet of rage (around neck)
 r - a +3 ring of evasion
Wands
 p - a wand of magic darts (27/48)
Scrolls
 e - a scroll of enchant armour
 n - a scroll of recharging
 q - a scroll of noise
Potions
 c - a potion of might
 f - a potion of resistance
 i - 2 potions of brilliance
 k - 2 potions of mutation
 o - a potion of flight
 s - a potion of magic
Comestibles
 d - 3 bread rations
 g - a beef jerky
 h - a chunk of flesh
 j - 2 meat rations
 m - a slice of pizza


   Skills:
 * Level 5.6 Fighting
 - Level 2.0 Long Blades
 + Level 3.7 Dodging
 * Level 5.0 Shields


You had 5 spell levels left.
You didn't know any spells.

Dungeon Overview and Level Annotations

Branches:
Dungeon (5/15)
 Temple: D:4-7

Altars:
Kikubaaqudgha
Pakellas
Yredelemnul
Zin

Annotations:
Ossuary M4edhros's ghost, novice OpAr


Innate Abilities, Weirdness & Mutations

Your plain brown scales are hard (AC +6).
Your body does not fit into most forms of armour.
You are cold-blooded and may be slowed by cold attacks.
You have large cloven feet.
You tend to lose your temper in combat.
Your magical capacity is low (-10% MP).


Message History

You are more poisoned.
A hobgoblin zombie comes into view.
You closely miss M4edhros's ghost. Your kick misses M4edhros's ghost.
M4edhros's ghost is lightly damaged.
You feel very sick. M4edhros's ghost hits you!
You block M4edhros's ghost's attack.
A mummy and a zombie come into view.
You hit M4edhros's ghost. Your kick misses M4edhros's ghost.
You tail-slap M4edhros's ghost.
M4edhros's ghost is lightly damaged.
You feel very sick.
M4edhros's ghost whispers, "The ORB doesn't exist."
M4edhros's ghost hits you!
* * * LOW HITPOINT WARNING * * *
Drink which item? (? for menu, Esc to quit)
It was a potion of resistance.
You feel protected.
* * * LOW HITPOINT WARNING * * *
You feel sick. M4edhros's ghost hits you!!
You die...

###################
..................#
..................#
......8..8........#
Z.................#
.######.^######...#
#@^# #...# #W.#
#...# #Z.# #...#
.... #...# ....##
#...# .ZZ.# #...#
....# #...# ...∩M#
#...# #...#


You could see a mummy, M4edhros's ghost, 2 hobgoblin zombies and an orc zombie.

Vanquished Creatures
  A centaur (D:3)
  An orc priest (D:3)
  Ijyb (D:3)
  A worker ant (D:4)
  3 gnolls (D:3)
  6 adders
  A worm (D:2)
  3 giant geckos
  9 orcs
  6 giant cockroaches
  6 goblins
  5 hobgoblins
  3 jackals (D:3)
  17 kobolds
  2 ball pythons
  A ball python skeleton (D:3)
  4 bats (D:3)
  3 giant newts
  4 hobgoblin zombies (Ossuary)
  3 kobold zombies (Ossuary)
  7 orc zombies (Ossuary)
  8 rats
95 creatures vanquished.

Notes
Turn   | Place    | Note
--------------------------------------------------------------
     0 | D:1      | gorblad the Draconian Fighter began the quest for the Orb.
     0 | D:1      | Reached XP level 1. HP: 19/19 MP: 1/1
   163 | D:1      | Reached XP level 2. HP: 12/26 MP: 2/2
   548 | D:1      | Reached skill level 4 in Fighting
   673 | D:2      | Reached XP level 3. HP: 29/33 MP: 3/3
  1238 | D:3      | Found an oddly glowing altar of Pakellas.
  1238 | D:3      | Found an ancient bone altar of Kikubaaqudgha.
  1242 | D:3      | Found a glowing silver altar of Zin.
  1242 | D:3      | Found a basalt altar of Yredelemnul.
  1242 | D:3      | Noticed Ijyb
  1257 | D:3      | Killed Ijyb
  1257 | D:3      | Reached XP level 4. HP: 39/41 MP: 4/4
  1397 | D:3      | Reached XP level 5. HP: 13/47 MP: 5/5
  1741 | D:3      | Noticed a centaur
  1753 | D:3      | Killed a centaur
  1753 | D:3      | Reached skill level 5 in Fighting
  2074 | D:3      | Gained mutation: You tend to lose your temper in combat. [potion of mutation]
  2074 | D:3      | Gained mutation: You have large cloven feet. [potion of mutation]
  2074 | D:3      | Gained mutation: Your magical capacity is low (-10% MP). [potion of mutation]
  2179 | D:3      | Reached XP level 6. HP: 30/56 MP: 5/5
  2979 | D:5      | Entered Level 5 of the Dungeon
  3033 | D:5      | Found a sand-covered staircase.
  3048 | Ossuary  | Entered an ossuary
  3060 | Ossuary  | Reached skill level 5 in Shields
  3125 | Ossuary  | Noticed M4edhros's ghost (novice OpAr)
  3132 | Ossuary  | Demolished by M4edhros's ghost

Vault maps used:
D:1:      dpeg_arrival_three_smaller_balls
D:2:      hex_medium
D:3:      grunt_temple_overflow_open, grunt_ministairs_1, hangedman_decor_push,
          uniq_iyjb
D:4:      first_bread, minmay_goblin_kobold_house
D:5:      wad_river_or_something, minmay_temple_entry_junction,
          lightli_ossuary_entry_decrepit_ruins, tgw_kikubaaqudgha
Ossuary:  ossuary_tomb_1

Action                   |  1- 3 |  4- 6 || total
-------------------------+-------+-------++-------
Melee: Long sword        |   119 |   210 ||   329
 Abil: Evoke Berserk Rag |       |     1 ||     1
  Use: Scroll            |     4 |     5 ||     9
       Potion            |       |     6 ||     6
 Stab: Invisible         |       |     2 ||     2
  Eat: Chunk             |     1 |     8 ||     9
